Connexion

LAS VEGAS Golden Knights vs PHILADELPHIA Flyers

Created - 6 décembre 2023 at 05:56

Goals
1 2 3 OT1 SO T
LAS VEGAS Golden Knights 1 0 1 0 1 3
PHILADELPHIA Flyers 0 2 0 0 0 2
Shots
1 2 3 OT1 SO T
LAS VEGAS Golden Knights 16 5 6 0 3 27
PHILADELPHIA Flyers 6 7 5 1 3 19

GoalsPenalties
1st period
1. LAS VEGAS Golden Knights , Nikita Zaitsev 11 (Alex Kerfoot 18, Filip Hronek 32) at 4:57
Tomas Tatar (PHI) for Tripping (Minor) at 11:16
Tj Brodie (PHI) for Interference (Minor) at 14:29
Alex Pietrangelo (PHI) for Interference (Minor) at 19:01
2nd period
2. PHILADELPHIA Flyers , Alex Pietrangelo 8 (Sean Monahan 22, Tj Brodie 30) at 5:50
3. PHILADELPHIA Flyers , Sean Monahan 19 (Jonathan Drouin 24, Alex Pietrangelo 17) at 14:51 (SH)
Tj Brodie (PHI) for Interference (Minor) at 13:55
3rd period
4. LAS VEGAS Golden Knights , J.T. Miller 17 (Ryan Nugent-Hopkins 18, Brady Skjei 14) at 8:14
Nikita Zaitsev (L-V) for High sticking (Minor) at 0:33
Alex Pietrangelo (PHI) for Roughing (Minor) at 10:34
Overtime #1
No Goal
Shootout
LAS VEGAS Golden Knights, Ryan Nugent-Hopkins - Stopped by Casey DeSmith
PHILADELPHIA Flyers, Tomas Tatar - Shot Misses the Net
LAS VEGAS Golden Knights, Pavel Zacha - Goal!
PHILADELPHIA Flyers, Austin Czarnik - Stopped by Dan Vladar
LAS VEGAS Golden Knights, J.T. Miller - Stopped by Casey DeSmith
PHILADELPHIA Flyers, Sam Reinhart - Stopped by Dan Vladar
Goalie Stats
Dan Vladar (L-V), 17 saves from 19 shots - (0,895), W, 5-6-0, 65:00 minutes
Casey DeSmith (PHI), 25 saves from 27 shots - (0,926), OTL, 2-0-3, 65:00 minutes
3 StarsOfficial
1 - Sean Monahan (PHI)
2 - J.T. Miller (L-V)
3 - Alex Pietrangelo (PHI)
Referees : Kyle Rehman and Justin StPierre
Linesman : Steve Miller and Mark Shewchyk
Game Note
Brandon Montour is injured at 11:00 of 3rd period (Strained Right Knee)
Finance
Level 1 -- Attendance: 5873 (97,88%) -- Ticket Income $792,855
Level 2 -- Attendance: 5188 (79,36%) -- Ticket Income $415,040
Level 3 -- Attendance: 1489 (74,45%) -- Ticket Income $89,340
Level 4 -- Attendance: 4000 (100,00%) -- Ticket Income $140,000
Luxury Box -- Attendance: 632 (63,20%) -- Ticket Income $240,160
Game was played at the Whells Fargot Center.
Total Attendance: 17182 (87,95%)
Total Ticket Income: $1,677,395
Other Income: $335,479
Total Income: $2,012,874



Team Name Goals Shots Shots Attemp Shots Blocked PIM HIT PP PK FO%
LAS VEGAS Golden Knights 3275752280 / 5 (0%)055%
PHILADELPHIA Flyers 21938910220 / 1 (0%)045%

LAS VEGAS Golden Knights
Player Name POS G A P +/- PIM HIT SHT SB MP PP MP PP SHT PK MP PK SHT FO% FOT
Alex GalchenyukC/LW000-1030021:285:2600:00059% 17
Alex KerfootC/LW0111003014:370:0001:21043% 14
Artem AnisimovC/LW000-1004019:035:2620:0000% 0
Brady SkjeiD0110011017:334:0100:0000% 0
Cole CaufieldRW0001001011:150:0000:0000% 0
Filip HronekD0110010126:235:5400:3800% 0
J.T. MillerC/LW/RW1010052022:534:2910:38050% 2
Jack JohnsonD000-1011116:510:0001:2100% 0
Jakub ZborilD0001030317:070:2401:0900% 0
Jayce HawrylukC/RW000000005:280:0000:00067% 6
Keegan KolesarRW000002006:490:0001:2100% 0
Kirill MarchenkoRW0001041011:530:0000:3800% 0
Luke KuninC/RW000-1034019:035:2600:00067% 3
Nick SeelerD000-1010022:324:0100:5000% 0
Nikita ZaitsevD1011214024:335:3030:0000% 0
Pavel ZachaC/LW0000024024:474:2910:000100% 4
Philip KurashevC/LW/RW000000007:290:0000:0000% 0
Ryan Nugent-HopkinsC/LW0110012023:164:2910:00050% 30
PHILADELPHIA Flyers
Player Name POS G A P +/- PIM HIT SHT SB MP PP MP PP SHT PK MP PK SHT FO% FOT
Adam FoxD000-2001220:141:0510:2400% 0
Alex PietrangeloD1122431123:220:5403:1600% 0
Austin CzarnikC/RW0001005020:031:0504:14025% 4
Brandon MontourD0000010215:160:0003:2400% 0
Joe VelenoC0000010017:350:0000:18041% 17
Jonathan DrouinLW/RW0111001121:020:5405:41050% 2
Jordan StaalC000-1041012:340:0000:00056% 9
Julien GauthierRW000-100106:210:0000:0000% 0
Justin FaulkD000-2030224:220:5405:2800% 0
Kasperi KapanenLW/RW000-1012015:240:0000:0000% 0
Lucas WallmarkC000-100006:210:0000:0000% 0
Matt RoyD0001010119:120:0003:4200% 0
Pavel BuchnevichLW/RW0001021020:031:0514:1400% 1
Sam ReinhartC/RW000-1001015:380:5400:00025% 4
Sean MonahanC1122014021:121:0515:23152% 31
Tj BrodieD0111430022:301:0503:3600% 0
Tomas TatarLW/RW0000221017:300:5400:0000% 0
Zach PariseC/LW000-100006:210:0000:00038% 8



Play-by-Play

1st period


0:01 of 1st period - Sean Monahan wins face-off versus Ryan Nugent-Hopkins in neutral zone.
0:01 of 1st period - Sean Monahan is hit by J.T. Miller.
0:04 of 1st period - Off-side.
0:05 of 1st period - Alex Galchenyuk wins face-off versus Joe Veleno in neutral zone.
0:16 of 1st period - Shot by Jack Johnson.
0:16 of 1st period - Stopped by Casey DeSmith with a rebound.
0:18 of 1st period - Shot by Luke Kunin.
0:18 of 1st period - Stopped by Casey DeSmith without a rebound.
0:19 of 1st period - Jordan Staal wins face-off versus Alex Kerfoot in PHILADELPHIA Flyers zone.
0:19 of 1st period - Jordan Staal is hit by Kirill Marchenko.
0:38 of 1st period - Brandon Montour is hit by Kirill Marchenko and loses puck.
0:55 of 1st period - Shot by Alex Kerfoot.
0:55 of 1st period - Shot Blocked by Brandon Montour.
1:34 of 1st period - Icing by Ryan Nugent-Hopkins.
1:35 of 1st period - Ryan Nugent-Hopkins wins face-off versus Sean Monahan in LAS VEGAS Golden Knights zone.
2:17 of 1st period - Austin Czarnik is hit by Nick Seeler and loses puck.
3:40 of 1st period - Icing by Jonathan Drouin.
3:41 of 1st period - Jayce Hawryluk wins face-off versus Joe Veleno in PHILADELPHIA Flyers zone.
3:42 of 1st period - Shot by Philip Kurashev.
3:42 of 1st period - Shot Misses the Net.
3:49 of 1st period - Shot by Tomas Tatar.
3:49 of 1st period - Shot Misses the Net.
4:18 of 1st period - Off-side.
4:19 of 1st period - Alex Kerfoot wins face-off versus Jordan Staal in neutral zone.
4:19 of 1st period - Cole Caufield is hit by Jordan Staal and loses puck.
4:23 of 1st period - Nikita Zaitsev is hit by Justin Faulk and loses puck.
4:26 of 1st period - Shot by Alex Kerfoot.
4:26 of 1st period - Shot Misses the Net.
4:36 of 1st period - Nikita Zaitsev is hit by Jordan Staal and loses puck.
4:45 of 1st period - Shot by Kirill Marchenko.
4:45 of 1st period - Shot Misses the Net.
4:47 of 1st period - Shot by Nikita Zaitsev.
4:47 of 1st period - Shot Misses the Net.
4:49 of 1st period - Shot by Filip Hronek.
4:49 of 1st period - Deflect By Alex Kerfoot.
4:49 of 1st period - Shot Misses the Net.
4:57 of 1st period - Shot by Nikita Zaitsev.
4:57 of 1st period - Goal by Nikita Zaitsev - LAS VEGAS Golden Knights : 1 - PHILADELPHIA Flyers : 0.
4:58 of 1st period - Ryan Nugent-Hopkins wins face-off versus Sean Monahan in neutral zone.
6:04 of 1st period - Icing by Alex Pietrangelo.
6:05 of 1st period - Sean Monahan wins face-off versus Jayce Hawryluk in PHILADELPHIA Flyers zone.
6:21 of 1st period - Adam Fox is hit by Keegan Kolesar and loses puck.
6:41 of 1st period - Shot by Adam Fox.
6:41 of 1st period - Shot Misses the Net.
6:43 of 1st period - Shot by Jonathan Drouin.
6:43 of 1st period - Shot Misses the Net.
7:30 of 1st period - Shot by Artem Anisimov.
7:30 of 1st period - Deflect By Luke Kunin.
7:30 of 1st period - Stopped by Casey DeSmith without a rebound.
7:31 of 1st period - Ryan Nugent-Hopkins wins face-off versus Jordan Staal in PHILADELPHIA Flyers zone.
7:54 of 1st period - Shot by J.T. Miller.
7:54 of 1st period - Deflect By Pavel Zacha.
7:54 of 1st period - Stopped by Casey DeSmith with a rebound.
7:56 of 1st period - Shot by Brady Skjei.
7:56 of 1st period - Shot Misses the Net.
7:58 of 1st period - Shot by Brady Skjei.
7:58 of 1st period - Stopped by Casey DeSmith without a rebound.
7:59 of 1st period - Zach Parise wins face-off versus Alex Kerfoot in PHILADELPHIA Flyers zone.
8:12 of 1st period - Shot by Alex Kerfoot.
8:12 of 1st period - Stopped by Casey DeSmith without a rebound.
8:13 of 1st period - Sean Monahan wins face-off versus Alex Galchenyuk in PHILADELPHIA Flyers zone.
8:13 of 1st period - Sean Monahan is hit by Luke Kunin.
8:35 of 1st period - Shot by Pavel Buchnevich.
8:35 of 1st period - Shot Misses the Net.
8:42 of 1st period - Off-side.
8:43 of 1st period - Ryan Nugent-Hopkins wins face-off versus Joe Veleno in neutral zone.
8:46 of 1st period - Jonathan Drouin is hit by Ryan Nugent-Hopkins and loses puck.
9:40 of 1st period - Off-side.
9:41 of 1st period - Zach Parise wins face-off versus Alex Galchenyuk in neutral zone.
9:41 of 1st period - Alex Pietrangelo is hit by Alex Galchenyuk and loses puck.
9:55 of 1st period - Tj Brodie is hit by Nikita Zaitsev and loses puck.
10:46 of 1st period - Shot by Pavel Buchnevich.
10:46 of 1st period - Deflect By Austin Czarnik.
10:46 of 1st period - Shot Blocked by Jakub Zboril.
10:50 of 1st period - Shot by Austin Czarnik.
10:50 of 1st period - Stopped by Dan Vladar without a rebound.
10:51 of 1st period - Ryan Nugent-Hopkins wins face-off versus Jordan Staal in LAS VEGAS Golden Knights zone.
11:07 of 1st period - Icing by J.T. Miller.
11:08 of 1st period - Sean Monahan wins face-off versus Ryan Nugent-Hopkins in LAS VEGAS Golden Knights zone.
11:15 of 1st period - Shot by Austin Czarnik.
11:15 of 1st period - Stopped by Dan Vladar without a rebound.
11:16 of 1st period - Alex Kerfoot wins face-off versus Joe Veleno in LAS VEGAS Golden Knights zone.
11:16 of 1st period - Minor Penalty to Tomas Tatar for Tripping.
11:17 of 1st period - Ryan Nugent-Hopkins wins face-off versus Sean Monahan in PHILADELPHIA Flyers zone.
11:18 of 1st period - Shot by Nikita Zaitsev.
11:18 of 1st period - Stopped by Casey DeSmith without a rebound.
11:19 of 1st period - Ryan Nugent-Hopkins wins face-off versus Sean Monahan in PHILADELPHIA Flyers zone.
11:24 of 1st period - Shot by J.T. Miller.
11:24 of 1st period - Deflect By Pavel Zacha.
11:24 of 1st period - Stopped by Casey DeSmith without a rebound.
11:25 of 1st period - Sean Monahan wins face-off versus Ryan Nugent-Hopkins in PHILADELPHIA Flyers zone.
11:31 of 1st period - Icing by Pavel Zacha.
11:32 of 1st period - Pavel Zacha wins face-off versus Sean Monahan in LAS VEGAS Golden Knights zone.
11:53 of 1st period - Shot by Nikita Zaitsev.
11:53 of 1st period - Shot Misses the Net.
12:42 of 1st period - Icing by Luke Kunin.
12:43 of 1st period - Luke Kunin wins face-off versus Sean Monahan in LAS VEGAS Golden Knights zone.
12:50 of 1st period - Shot by Nick Seeler.
12:50 of 1st period - Shot Misses the Net.
12:52 of 1st period - Shot by Artem Anisimov.
12:52 of 1st period - Stopped by Casey DeSmith without a rebound.
12:53 of 1st period - Sean Monahan wins face-off versus Luke Kunin in PHILADELPHIA Flyers zone.
13:06 of 1st period - Shot by Artem Anisimov.
13:06 of 1st period - Stopped by Casey DeSmith without a rebound.
13:07 of 1st period - Ryan Nugent-Hopkins wins face-off versus Austin Czarnik in PHILADELPHIA Flyers zone.
13:40 of 1st period - Shot by Alex Kerfoot.
13:40 of 1st period - Stopped by Casey DeSmith with a rebound.
13:50 of 1st period - Shot by Sam Reinhart.
13:50 of 1st period - Stopped by Dan Vladar without a rebound.
13:51 of 1st period - Ryan Nugent-Hopkins wins face-off versus Sean Monahan in LAS VEGAS Golden Knights zone.
13:58 of 1st period - Shot by Ryan Nugent-Hopkins.
13:58 of 1st period - Stopped by Casey DeSmith without a rebound.
13:59 of 1st period - Joe Veleno wins face-off versus Ryan Nugent-Hopkins in PHILADELPHIA Flyers zone.
14:04 of 1st period - Pavel Zacha is hit by Tomas Tatar and loses puck.
14:29 of 1st period - Minor Penalty to Tj Brodie for Interference.
14:30 of 1st period - Alex Galchenyuk wins face-off versus Sean Monahan in PHILADELPHIA Flyers zone.
14:57 of 1st period - Shot by Nikita Zaitsev.
14:57 of 1st period - Shot Misses the Net.
16:03 of 1st period - Shot by J.T. Miller.
16:03 of 1st period - Stopped by Casey DeSmith with a rebound.
16:38 of 1st period - Jakub Zboril is hit by Jordan Staal and loses puck.
16:51 of 1st period - Shot by Jordan Staal.
16:51 of 1st period - Shot Blocked by Jakub Zboril.
16:59 of 1st period - Shot by Kasperi Kapanen.
16:59 of 1st period - Stopped by Dan Vladar with a rebound.
17:04 of 1st period - Icing by Brady Skjei.
17:05 of 1st period - Zach Parise wins face-off versus Alex Kerfoot in LAS VEGAS Golden Knights zone.
17:27 of 1st period - Shot by Julien Gauthier.
17:27 of 1st period - Stopped by Dan Vladar without a rebound.
17:28 of 1st period - Sean Monahan wins face-off versus Ryan Nugent-Hopkins in LAS VEGAS Golden Knights zone.
17:39 of 1st period - Shot by Austin Czarnik.
17:39 of 1st period - Stopped by Dan Vladar without a rebound.
17:40 of 1st period - Alex Galchenyuk wins face-off versus Joe Veleno in LAS VEGAS Golden Knights zone.
17:40 of 1st period - Alex Galchenyuk is hit by Joe Veleno.
17:53 of 1st period - Adam Fox is hit by Alex Galchenyuk and loses puck.
18:18 of 1st period - Shot by Artem Anisimov.
18:18 of 1st period - Stopped by Casey DeSmith with a rebound.
18:55 of 1st period - J.T. Miller is hit by Alex Pietrangelo and loses puck.
19:01 of 1st period - Minor Penalty to Alex Pietrangelo for Interference.
19:02 of 1st period - Sean Monahan wins face-off versus Ryan Nugent-Hopkins in PHILADELPHIA Flyers zone.
19:23 of 1st period - Shot by Nikita Zaitsev.
19:23 of 1st period - Shot Misses the Net.
19:25 of 1st period - Shot by Nikita Zaitsev.
19:25 of 1st period - Stopped by Casey DeSmith with a rebound.
19:53 of 1st period - Shot by Alex Galchenyuk.
19:53 of 1st period - Shot Misses the Net.
19:59 of 1st period - Shot by Luke Kunin.
19:59 of 1st period - Shot Misses the Net.
Goals for this period are 1 for LAS VEGAS Golden Knights vs 0 for PHILADELPHIA Flyers.
Shots for this period are 16 for LAS VEGAS Golden Knights vs 6 for PHILADELPHIA Flyers.

2nd period


0:01 of 2nd period - Jonathan Drouin wins face-off versus Ryan Nugent-Hopkins in neutral zone.
0:12 of 2nd period - Shot by Ryan Nugent-Hopkins.
0:12 of 2nd period - Stopped by Casey DeSmith without a rebound.
0:13 of 2nd period - Alex Galchenyuk wins face-off versus Sean Monahan in PHILADELPHIA Flyers zone.
0:32 of 2nd period - Alex Galchenyuk is hit by Tj Brodie and loses puck.
1:54 of 2nd period - Kasperi Kapanen is hit by J.T. Miller and loses puck.
2:17 of 2nd period - Justin Faulk is hit by Kirill Marchenko and loses puck.
2:42 of 2nd period - Shot by Austin Czarnik.
2:42 of 2nd period - Stopped by Dan Vladar without a rebound.
2:43 of 2nd period - Joe Veleno wins face-off versus Alex Galchenyuk in LAS VEGAS Golden Knights zone.
3:16 of 2nd period - Filip Hronek is hit by Tomas Tatar and loses puck.
4:14 of 2nd period - Icing by Adam Fox.
4:15 of 2nd period - Jayce Hawryluk wins face-off versus Zach Parise in PHILADELPHIA Flyers zone.
4:23 of 2nd period - Icing by Julien Gauthier.
4:24 of 2nd period - Ryan Nugent-Hopkins wins face-off versus Zach Parise in PHILADELPHIA Flyers zone.
4:39 of 2nd period - Shot by Nick Seeler.
4:39 of 2nd period - Shot Misses the Net.
4:41 of 2nd period - Shot by Pavel Zacha.
4:41 of 2nd period - Shot Blocked by Adam Fox.
4:43 of 2nd period - Shot by J.T. Miller.
4:43 of 2nd period - Shot Misses the Net.
5:08 of 2nd period - Icing by Nick Seeler.
5:09 of 2nd period - Ryan Nugent-Hopkins wins face-off versus Sean Monahan in LAS VEGAS Golden Knights zone.
5:48 of 2nd period - Shot by Sean Monahan.
5:48 of 2nd period - Shot Misses the Net.
5:50 of 2nd period - Shot by Alex Pietrangelo.
5:50 of 2nd period - Goal by Alex Pietrangelo - LAS VEGAS Golden Knights : 1 - PHILADELPHIA Flyers : 1.
5:51 of 2nd period - Alex Kerfoot wins face-off versus Joe Veleno in neutral zone.
6:31 of 2nd period - Icing by Jonathan Drouin.
6:32 of 2nd period - Joe Veleno wins face-off versus Alex Galchenyuk in PHILADELPHIA Flyers zone.
6:34 of 2nd period - Icing by Brandon Montour.
6:35 of 2nd period - Joe Veleno wins face-off versus Alex Galchenyuk in PHILADELPHIA Flyers zone.
6:56 of 2nd period - Shot by Filip Hronek.
6:56 of 2nd period - Shot Misses the Net.
7:29 of 2nd period - Icing by Joe Veleno.
7:30 of 2nd period - Joe Veleno wins face-off versus Ryan Nugent-Hopkins in PHILADELPHIA Flyers zone.
7:30 of 2nd period - Joe Veleno is hit by Pavel Zacha.
7:43 of 2nd period - Icing by Nikita Zaitsev.
7:44 of 2nd period - Ryan Nugent-Hopkins wins face-off versus Sean Monahan in LAS VEGAS Golden Knights zone.
7:57 of 2nd period - Shot by Pavel Zacha.
7:57 of 2nd period - Shot Misses the Net.
7:59 of 2nd period - Shot by Pavel Zacha.
7:59 of 2nd period - Stopped by Casey DeSmith without a rebound.
8:00 of 2nd period - Jordan Staal wins face-off versus Jayce Hawryluk in PHILADELPHIA Flyers zone.
8:25 of 2nd period - Tj Brodie is hit by Keegan Kolesar and loses puck.
8:37 of 2nd period - Shot by Jordan Staal.
8:37 of 2nd period - Shot Misses the Net.
8:41 of 2nd period - Shot by Jordan Staal.
8:41 of 2nd period - Stopped by Dan Vladar without a rebound.
8:42 of 2nd period - Sean Monahan wins face-off versus Ryan Nugent-Hopkins in LAS VEGAS Golden Knights zone.
8:51 of 2nd period - Shot by Sean Monahan.
8:51 of 2nd period - Stopped by Dan Vladar without a rebound.
8:52 of 2nd period - Alex Galchenyuk wins face-off versus Pavel Buchnevich in LAS VEGAS Golden Knights zone.
9:12 of 2nd period - Icing by Nick Seeler.
9:13 of 2nd period - Alex Galchenyuk wins face-off versus Joe Veleno in LAS VEGAS Golden Knights zone.
9:22 of 2nd period - Jonathan Drouin is hit by Luke Kunin and loses puck.
9:29 of 2nd period - Shot by Luke Kunin.
9:29 of 2nd period - Stopped by Casey DeSmith without a rebound.
9:30 of 2nd period - Sean Monahan wins face-off versus Ryan Nugent-Hopkins in PHILADELPHIA Flyers zone.
9:39 of 2nd period - Sean Monahan is hit by J.T. Miller and loses puck.
9:48 of 2nd period - Filip Hronek is hit by Pavel Buchnevich and loses puck.
10:25 of 2nd period - Joe Veleno is hit by J.T. Miller and loses puck.
11:28 of 2nd period - Nick Seeler is hit by Jordan Staal and loses puck.
11:33 of 2nd period - Kasperi Kapanen is hit by Luke Kunin and loses puck.
11:44 of 2nd period - Shot by Luke Kunin.
11:44 of 2nd period - Stopped by Casey DeSmith without a rebound.
11:45 of 2nd period - Sean Monahan wins face-off versus Alex Kerfoot in PHILADELPHIA Flyers zone.
11:52 of 2nd period - Jakub Zboril is hit by Sean Monahan and loses puck.
12:03 of 2nd period - Shot by Austin Czarnik.
12:03 of 2nd period - Shot Misses the Net.
12:18 of 2nd period - Shot by Sean Monahan.
12:18 of 2nd period - Shot Blocked by Jakub Zboril.
12:20 of 2nd period - Shot by Justin Faulk.
12:20 of 2nd period - Shot Misses the Net.
13:09 of 2nd period - Shot by Jonathan Drouin.
13:09 of 2nd period - Stopped by Dan Vladar without a rebound.
13:10 of 2nd period - Jayce Hawryluk wins face-off versus Jordan Staal in LAS VEGAS Golden Knights zone.
13:33 of 2nd period - Jayce Hawryluk is hit by Tj Brodie and loses puck.
13:43 of 2nd period - Jayce Hawryluk is hit by Alex Pietrangelo and loses puck.
13:55 of 2nd period - Minor Penalty to Tj Brodie for Interference.
13:56 of 2nd period - Alex Galchenyuk wins face-off versus Sean Monahan in PHILADELPHIA Flyers zone.
14:24 of 2nd period - Artem Anisimov is hit by Matt Roy and loses puck.
14:51 of 2nd period - Shot by Sean Monahan.
14:51 of 2nd period - Goal by Sean Monahan - LAS VEGAS Golden Knights : 1 - PHILADELPHIA Flyers : 2.
14:52 of 2nd period - Austin Czarnik wins face-off versus Ryan Nugent-Hopkins in neutral zone.
17:20 of 2nd period - Icing by Matt Roy.
17:21 of 2nd period - Jordan Staal wins face-off versus Ryan Nugent-Hopkins in PHILADELPHIA Flyers zone.
17:21 of 2nd period - Jordan Staal is hit by J.T. Miller.
17:50 of 2nd period - J.T. Miller is hit by Justin Faulk and loses puck.
18:07 of 2nd period - Shot by Pavel Buchnevich.
18:07 of 2nd period - Deflect By Austin Czarnik.
18:07 of 2nd period - Stopped by Dan Vladar without a rebound.
18:08 of 2nd period - Joe Veleno wins face-off versus Alex Galchenyuk in LAS VEGAS Golden Knights zone.
19:19 of 2nd period - Shot by Cole Caufield.
19:19 of 2nd period - Stopped by Casey DeSmith without a rebound.
19:20 of 2nd period - Sean Monahan wins face-off versus Ryan Nugent-Hopkins in PHILADELPHIA Flyers zone.
Goals for this period are 0 for LAS VEGAS Golden Knights vs 2 for PHILADELPHIA Flyers.
Shots for this period are 5 for LAS VEGAS Golden Knights vs 7 for PHILADELPHIA Flyers.

3rd period


0:01 of 3rd period - Sean Monahan wins face-off versus Ryan Nugent-Hopkins in neutral zone.
0:10 of 3rd period - Shot by Pavel Buchnevich.
0:10 of 3rd period - Deflect By Sean Monahan.
0:10 of 3rd period - Stopped by Dan Vladar without a rebound.
0:11 of 3rd period - Joe Veleno wins face-off versus Alex Galchenyuk in LAS VEGAS Golden Knights zone.
0:16 of 3rd period - Shot by Jonathan Drouin.
0:16 of 3rd period - Shot Misses the Net.
0:18 of 3rd period - Shot by Tomas Tatar.
0:18 of 3rd period - Shot Misses the Net.
0:33 of 3rd period - Minor Penalty to Nikita Zaitsev for High sticking.
0:34 of 3rd period - Sean Monahan wins face-off versus Alex Kerfoot in LAS VEGAS Golden Knights zone.
0:57 of 3rd period - Shot by Adam Fox.
0:57 of 3rd period - Shot Misses the Net.
0:59 of 3rd period - Shot by Pavel Buchnevich.
0:59 of 3rd period - Stopped by Dan Vladar without a rebound.
1:00 of 3rd period - Alex Kerfoot wins face-off versus Sam Reinhart in LAS VEGAS Golden Knights zone.
1:30 of 3rd period - Shot by Jonathan Drouin.
1:30 of 3rd period - Shot Blocked by Filip Hronek.
2:13 of 3rd period - Shot by Austin Czarnik.
2:13 of 3rd period - Deflect By Sean Monahan.
2:13 of 3rd period - Stopped by Dan Vladar without a rebound.
2:14 of 3rd period - Sean Monahan wins face-off versus J.T. Miller in LAS VEGAS Golden Knights zone.
2:29 of 3rd period - Shot by Adam Fox.
2:29 of 3rd period - Stopped by Dan Vladar without a rebound.
2:30 of 3rd period - Alex Kerfoot wins face-off versus Sam Reinhart in LAS VEGAS Golden Knights zone.
2:43 of 3rd period - Matt Roy is hit by Alex Galchenyuk and loses puck.
2:56 of 3rd period - Shot by Zach Parise.
2:56 of 3rd period - Shot Misses the Net.
3:37 of 3rd period - Ryan Nugent-Hopkins is hit by Brandon Montour and loses puck.
5:40 of 3rd period - Shot by Jayce Hawryluk.
5:40 of 3rd period - Shot Blocked by Adam Fox.
6:26 of 3rd period - Tj Brodie is hit by Pavel Zacha and loses puck.
6:41 of 3rd period - Shot by Pavel Zacha.
6:41 of 3rd period - Stopped by Casey DeSmith with a rebound.
6:43 of 3rd period - Shot by Pavel Zacha.
6:43 of 3rd period - Shot Misses the Net.
7:10 of 3rd period - Shot by Artem Anisimov.
7:10 of 3rd period - Stopped by Casey DeSmith with a rebound.
7:12 of 3rd period - Shot by Nick Seeler.
7:12 of 3rd period - Shot Blocked by Alex Pietrangelo.
7:18 of 3rd period - Shot by Alex Galchenyuk.
7:18 of 3rd period - Shot Misses the Net.
7:40 of 3rd period - Shot by Cole Caufield.
7:40 of 3rd period - Deflect By Kirill Marchenko.
7:40 of 3rd period - Shot Blocked by Jonathan Drouin.
7:42 of 3rd period - Shot by Alex Kerfoot.
7:42 of 3rd period - Stopped by Casey DeSmith without a rebound.
7:43 of 3rd period - Jordan Staal wins face-off versus Alex Kerfoot in PHILADELPHIA Flyers zone.
7:52 of 3rd period - Filip Hronek is hit by Kasperi Kapanen and loses puck.
8:02 of 3rd period - Off-side.
8:03 of 3rd period - Ryan Nugent-Hopkins wins face-off versus Zach Parise in neutral zone.
8:14 of 3rd period - Shot by J.T. Miller.
8:14 of 3rd period - Goal by J.T. Miller - LAS VEGAS Golden Knights : 2 - PHILADELPHIA Flyers : 2.
8:15 of 3rd period - Alex Galchenyuk wins face-off versus Sean Monahan in neutral zone.
8:39 of 3rd period - Shot by Artem Anisimov.
8:39 of 3rd period - Shot Blocked by Matt Roy.
9:53 of 3rd period - Shot by Sam Reinhart.
9:53 of 3rd period - Shot Blocked by Jack Johnson.
10:14 of 3rd period - Icing by Alex Pietrangelo.
10:15 of 3rd period - Alex Kerfoot wins face-off versus Zach Parise in PHILADELPHIA Flyers zone.
10:15 of 3rd period - Alex Kerfoot is hit by Alex Pietrangelo.
10:34 of 3rd period - Minor Penalty to Alex Pietrangelo for Roughing.
10:35 of 3rd period - Alex Galchenyuk wins face-off versus Jonathan Drouin in PHILADELPHIA Flyers zone.
10:42 of 3rd period - Shot by Alex Galchenyuk.
10:42 of 3rd period - Shot Misses the Net.
11:00 of 3rd period - Shot by Nick Seeler.
11:00 of 3rd period - Shot Blocked by Brandon Montour.
11:00 of 3rd period - Brandon Montour from PHILADELPHIA Flyers is injured at 11:00 of 3rd period (Strained Right Knee).
11:01 of 3rd period - J.T. Miller wins face-off versus Austin Czarnik in PHILADELPHIA Flyers zone.
11:01 of 3rd period - Filip Hronek is hit by Tj Brodie and loses puck.
11:34 of 3rd period - Shot by Nikita Zaitsev.
11:34 of 3rd period - Stopped by Casey DeSmith without a rebound.
11:35 of 3rd period - Alex Galchenyuk wins face-off versus Austin Czarnik in PHILADELPHIA Flyers zone.
12:12 of 3rd period - Shot by Nick Seeler.
12:12 of 3rd period - Shot Blocked by Justin Faulk.
12:14 of 3rd period - Shot by Artem Anisimov.
12:14 of 3rd period - Shot Blocked by Justin Faulk.
12:41 of 3rd period - Shot by Kasperi Kapanen.
12:41 of 3rd period - Shot Misses the Net.
12:59 of 3rd period - Shot by Kirill Marchenko.
12:59 of 3rd period - Stopped by Casey DeSmith with a rebound.
13:14 of 3rd period - Icing by Matt Roy.
13:15 of 3rd period - Jordan Staal wins face-off versus Ryan Nugent-Hopkins in PHILADELPHIA Flyers zone.
13:29 of 3rd period - Icing by J.T. Miller.
13:30 of 3rd period - Ryan Nugent-Hopkins wins face-off versus Joe Veleno in LAS VEGAS Golden Knights zone.
13:49 of 3rd period - Shot by Pavel Zacha.
13:49 of 3rd period - Shot Misses the Net.
14:09 of 3rd period - Icing by Ryan Nugent-Hopkins.
14:10 of 3rd period - Pavel Zacha wins face-off versus Sean Monahan in LAS VEGAS Golden Knights zone.
14:42 of 3rd period - Icing by Jack Johnson.
14:43 of 3rd period - Luke Kunin wins face-off versus Sam Reinhart in LAS VEGAS Golden Knights zone.
14:56 of 3rd period - Shot by Sam Reinhart.
14:56 of 3rd period - Shot Misses the Net.
15:21 of 3rd period - Kasperi Kapanen is hit by Filip Hronek and loses puck.
15:39 of 3rd period - Jordan Staal is hit by Jakub Zboril and loses puck.
15:47 of 3rd period - Icing by Brady Skjei.
15:48 of 3rd period - Sean Monahan wins face-off versus Alex Kerfoot in LAS VEGAS Golden Knights zone.
15:48 of 3rd period - Sean Monahan is hit by Jakub Zboril.
15:51 of 3rd period - Austin Czarnik is hit by Brady Skjei and loses puck.
16:30 of 3rd period - Tj Brodie is hit by Jakub Zboril and loses puck.
17:03 of 3rd period - Tomas Tatar is hit by Kirill Marchenko.
18:33 of 3rd period - Kasperi Kapanen is hit by Jack Johnson and loses puck.
19:00 of 3rd period - Shot by Kasperi Kapanen.
19:00 of 3rd period - Stopped by Dan Vladar without a rebound.
19:01 of 3rd period - Jayce Hawryluk wins face-off versus Sean Monahan in LAS VEGAS Golden Knights zone.
19:01 of 3rd period - Nikita Zaitsev is hit by Pavel Buchnevich and loses puck.
19:13 of 3rd period - Philip Kurashev is hit by Justin Faulk and loses puck.
19:43 of 3rd period - Off-side.
19:44 of 3rd period - Ryan Nugent-Hopkins wins face-off versus Zach Parise in neutral zone.
Goals for this period are 1 for LAS VEGAS Golden Knights vs 0 for PHILADELPHIA Flyers.
Shots for this period are 6 for LAS VEGAS Golden Knights vs 5 for PHILADELPHIA Flyers.

Overtime #1


0:01 of 1st overtime period - Pavel Zacha wins face-off versus Joe Veleno in neutral zone.
1:41 of 1st overtime period - Shot by Tomas Tatar.
1:41 of 1st overtime period - Stopped by Dan Vladar without a rebound.
1:42 of 1st overtime period - Pavel Zacha wins face-off versus Joe Veleno in LAS VEGAS Golden Knights zone.
2:28 of 1st overtime period - Icing by Alex Kerfoot.
2:29 of 1st overtime period - Sam Reinhart wins face-off versus Alex Kerfoot in LAS VEGAS Golden Knights zone.
4:08 of 1st overtime period - Shot by Pavel Zacha.
4:08 of 1st overtime period - Shot Misses the Net.
Goals for this period are 0 for LAS VEGAS Golden Knights vs 0 for PHILADELPHIA Flyers.
Shots for this period are 0 for LAS VEGAS Golden Knights vs 1 for PHILADELPHIA Flyers.

ShootOut


5:00 of 1st overtime period - Round #1.
5:00 of 1st overtime period - LAS VEGAS Golden Knights, Ryan Nugent-Hopkins.
5:00 of 1st overtime period - Stopped by Casey DeSmith.
5:00 of 1st overtime period - PHILADELPHIA Flyers, Tomas Tatar.
5:00 of 1st overtime period - Shot Misses the Net.
5:00 of 1st overtime period - Round #2.
5:00 of 1st overtime period - LAS VEGAS Golden Knights, Pavel Zacha.
5:00 of 1st overtime period - Goal by Pavel Zacha.
5:00 of 1st overtime period - PHILADELPHIA Flyers, Austin Czarnik.
5:00 of 1st overtime period - Stopped by Dan Vladar.
5:00 of 1st overtime period - Round #3.
5:00 of 1st overtime period - LAS VEGAS Golden Knights, J.T. Miller.
5:00 of 1st overtime period - Stopped by Casey DeSmith.
5:00 of 1st overtime period - PHILADELPHIA Flyers, Sam Reinhart.
5:00 of 1st overtime period - Stopped by Dan Vladar.